 Dungeon Crawl Stone Soup version 0.30-a0-557-ge2afbf3030 (webtiles) character file.

Game seed: 10863642152700934943

147531 Mitcholas the Black Crusader (level 16, -24/151 HPs)
             Began as a Minotaur Fighter on Dec 27, 2022.
             Was a Follower of Yredelemnul.
             Killed from afar by a merfolk aquamancer (38 damage)
             ... with a shard of ice
             ... on level 1 of the Shoals.
             The game lasted 01:48:01 (23654 turns).

Mitcholas the Black Crusader (Minotaur Fighter)    Turns: 23654, Time: 01:48:02

Health: -24/151    AC: 33    Str: 31    XL:     16   Next: 62%
Magic:  37/37      EV: 10    Int:  5    God:    Yredelemnul [*.....]
Gold:   803        SH:  9    Dex: 11    Spells: 15/15 levels left

rFire   + + .      SeeInvis .    a - +1 flail (spect)
rCold   . . .      Faith    .    M - +3 warlock's mirror {reflect}
rNeg    . . .      Spirit   .    Q - +8 plate armour of Hihuac Fise {rF+ MP+9}
rPois   .          Reflect  +    K - +1 hat
rElec   +          Harm     .    H - scarf {repulsion}
rCorr   .          Rampage  .    y - +2 pair of gloves {Str+3}
Will    +....                    I - +2 pair of boots Stlth
                                 c - amulet of regeneration
HPRegen 1.25/turn                X - ring of Shadows {Umbra +Inv Stlth+}
MPRegen 0.25/turn                R - ring of Pysky {rElec rF+ Stlth+}

@: lethally poisoned (-24 -> -31), wreathed by umbra, studying 4 skills, repel
missiles
A: horns 2, retaliatory headbutt
}: 1/15 runes: serpentine
a: Renounce Religion, Evoke Invisibility, Recall Undead Harvest


You were on level 1 of the Shoals.
You worshipped Yredelemnul.
Yredelemnul was most pleased with you.
You visited 6 branches of the dungeon, and saw 26 of its levels.
You also visited: Trove, Ossuary and Ice Cave.

You collected 4246 gold pieces.
You spent 3443 gold pieces at shops.

Inventory:

Hand Weapons
 a - a +1 spectral flail (weapon)
Missiles
 f - 48 poisoned darts (quivered)
Armour
 y - a +2 pair of gloves of strength (worn)
 H - a scarf of repulsion (worn)
 I - a +2 pair of boots (worn)
 K - a +1 hat (worn)
 M - the +3 warlock's mirror (worn) {reflect}
   (You bought it in a shop on level 3 of the Dungeon)

   It can block and reflect piercing ranged attacks and magical attacks against
   the wielder's willpower.
 Q - the +8 plate armour of Hihuac Fise (worn) {rF+ MP+9}
   (You bought it in a shop on level 9 of the Dungeon)

   rF:        It protects you from fire.
   MP:        It affects your magic capacity (+9).
Jewellery
 c - an amulet of regeneration (around neck)
 p - a ring of flight
 G - a ring of resist corrosion
 J - a ring of protection from fire
 R - the ring of Pysky (right hand) {rElec rF+ Stlth+}
   (You bought it in a shop on level 4 of the Snake Pit)

   [ring of protection from fire]

   rF:        It protects you from fire.
   rElec:     It insulates you from electricity.
   Stlth:     It makes you more stealthy.
 V - a ring of poison resistance
 X - the ring of Shadows (left hand) {Umbra +Inv Stlth+}
   (You found it on level 3 of the Lair of Beasts)

   [ring of stealth]

   It surrounds you with an aura of shadow, increasing your stealth and reducing
   the accuracy of all others within it.
   +Inv:      It lets you turn invisible.
   Stlth:     It makes you more stealthy.
Wands
 g - a wand of mindburst (13)
 k - a wand of iceblast (17)
 D - a wand of flame (43)
 E - a wand of charming (2)
 O - a wand of polymorph (10)
 U - a wand of digging (3)
 W - a wand of quicksilver (11)
Scrolls
 b - 9 scrolls of identify
 e - 6 scrolls of poison
 h - 6 scrolls of immolation
 j - 5 scrolls of fog
 l - 6 scrolls of blinking
 n - 3 scrolls of summoning
 q - a scroll of magic mapping
 s - 15 scrolls of teleportation
 w - 6 scrolls of enchant armour
 L - 2 scrolls of silence
 N - 5 scrolls of enchant weapon
 P - a scroll of fear
Potions
 d - 8 potions of might
 i - 5 potions of invisibility
 m - 9 potions of haste
 o - 3 potions of lignification
 r - 10 potions of mutation
 t - 17 potions of curing
 u - 9 potions of heal wounds
 v - 6 potions of flight
 x - 4 potions of resistance
 z - a potion of ambrosia {unknown}
 A - 3 potions of berserk rage
 C - 5 potions of cancellation
Miscellaneous
 B - a tin of tremorstones (1/2)
 F - a condenser vane


   Skills:
 + Level 16.1 Fighting
 - Level 14.0 Maces & Flails
 + Level 16.1 Armour
 + Level 7.3 Dodging
 - Level 10.0 Shields
 * Level 18.5 Invocations
 + Level 8.8 Evocations


You had 15 spell levels left.
You didn't know any spells.
Your spell library contained the following spells:

 Spells                   Type           Power      Damage    Failure   Level
 Apportation              Tloc           0%         N/A       97%         1
 Beastly Appendage        Tmut           0%         N/A       97%         1
 Freeze                   Ice            0%         1d3       97%         1
 Magic Dart               Conj           0%         1d3       97%         1
 Necrotise                Necr           0%         1d4       97%         1
 Summon Small Mammal      Summ           0%         N/A       97%         1
 Blink                    Tloc           0%         N/A       99%         2
 Call Imp                 Summ           0%         N/A       99%         2
 Ensorcelled Hibernation  Hex/Ice        0%         N/A       99%         2
 Momentum Strike          Conj/Tloc      0%         3d8       99%         2
 Passwall                 Tmut/Erth      0%         N/A       99%         2
 Searing Ray              Conj           0%         2d4       99%         2
 Wereblood                Tmut           0%         N/A       99%         2
 Dazzling Flash           Conj/Hex       0%         N/A       100%        3
 Frozen Ramparts          Ice            0%         1d1       100%        3
 Hailstorm                Conj/Ice       0%         3d3       100%        3
 Ignite Poison            Fire/Tmut/Pois 0%         N/A       100%        3
 Inner Flame              Hex/Fire       0%         N/A       100%        3
 Lesser Beckoning         Tloc           0%         N/A       100%        3
 Mephitic Cloud           Conj/Pois/Air  0%         N/A       100%        3
 Ozocubu's Armour         Ice            0%         N/A       100%        3
 Spider Form              Tmut/Pois      0%         N/A       100%        3
 Swiftness                Air            0%         N/A       100%        3
 Vampiric Draining        Necr           0%         2d6       100%        3
 Anguish                  Hex/Necr       0%         N/A       100%        4
 Dispel Undead            Necr           0%         3d6       100%        4
 Flame Wave               Conj/Fire      0%         2d4       100%        4
 Fulminant Prism          Conj/Hex       0%         3d5       100%        4
 Ice Form                 Ice/Tmut       0%         N/A       100%        4
 Iskenderun's Mystic Bla  Conj/Tloc      0%         2d3       100%        4
 Sticky Flame             Conj/Fire      0%         2d3       100%        4
 Summon Ice Beast         Ice/Summ       0%         N/A       100%        4
 Summon Lightning Spire   Summ/Air       0%         N/A       100%        4
 Alistair's Intoxication  Tmut/Pois      0%         N/A       100%        5
 Borgnjor's Vile Clutch   Necr/Erth      0%         N/A       100%        5
 Freezing Cloud           Conj/Ice/Air   0%         6-21      100%        5
 Iskenderun's Battlesphe  Conj           0%         2d6       100%        5
 Metabolic Englaciation   Hex/Ice        0%         N/A       100%        5
 Iron Shot                Conj/Erth      0%         9d1       100%        6
 Starburst                Conj/Fire      0%         6d3       100%        6
 Enfeeble                 Hex            0%         N/A       100%        7
 Ozocubu's Refrigeration  Ice            0%         4d7       100%        7
 Spellforged Servitor     Conj/Summ      0%         N/A       100%        7
 Storm Form               Tmut/Air       0%         N/A       100%        7
 Maxwell's Capacitive Co  Air            0%         ∞         100%        8
 Polar Vortex             Ice            0%         N/A       100%        9


Dungeon Overview and Level Annotations

Branches:
Dungeon (13/15)            Temple (1/1) D:4            Lair (5/5) D:10
 Shoals (1/4) Lair:2        Snake (4/4) Lair:2        Slime (0/5) Lair:5
    Orc (2/2) D:11            Elf (0/3) Orc:2        Vaults (0/5) D:13
Ossuary (visited)           IceCv (visited)

Altars:
Ashenzari
Cheibriados
Dithmenos
Elyvilon
Fedhas
Gozag
Hepliaklqana
Kikubaaqudgha
Makhleb
Nemelex Xobeh
Okawaru
Qazlal
Ru
Sif Muna
Trog
Uskayaw
Vehumet
Wu Jian
Xom
Yredelemnul
Zin
The Shining One
Jiyva

Shops:
D:2 :**   D:3 *   D:4 =   D:9 [   D:12 *   Orc:1 *   Orc:2 [:?!   Shoals:1 :
Snake:4 :=

Portals:
Pandemonium: Orc:2

Annotations:
D:6 exclusion: oklob plant


Innate Abilities, Weirdness & Mutations

You have a pair of horns on your head.
You reflexively headbutt those who attack you in melee.


Message History

The burst of rock shards engulfs your snapping turtle zombie but does no damage.
The burst of rock shards engulfs the merfolk aquamancer!!
The burst of rock shards engulfs the sea snake!
The burst of rock shards engulfs you but does no damage.
The burst of rock shards engulfs the merfolk aquamancer!!
The burst of rock shards engulfs the water elemental!
The burst of rock shards engulfs the manticore!
The burst of rock shards engulfs the water elemental!!
The burst of rock shards engulfs the water elemental! x2
The burst of rock shards engulfs your snapping turtle zombie but does no damage.
The burst of rock shards engulfs the sea snake!!
The burst of rock shards engulfs the merfolk!
The burst of rock shards engulfs the water elemental!
You destroy the water elemental!
The burst of rock shards engulfs the water elemental!!
You destroy the water elemental!
The burst of rock shards engulfs the merfolk!
You kill the merfolk!
You hear a splash.
The burst of rock shards engulfs the water elemental!!
You destroy the water elemental!
The burst of rock shards engulfs your snapping turtle zombie!
The burst of rock shards engulfs the merfolk aquamancer!!
The burst of rock shards engulfs the sea snake!!
The burst of rock shards engulfs you but does no damage.
The burst of rock shards engulfs the merfolk aquamancer!!
The burst of rock shards engulfs the water elemental.
The burst of rock shards engulfs the manticore!!
The dead are walking!
You feel very sick.
The sea snake barely misses your merfolk zombie.
The manticore bites you but does no damage.
The manticore claws you.
* * * LOW HITPOINT WARNING * * *
The manticore barely misses you.
The merfolk aquamancer barely misses you.
The merfolk aquamancer casts a spell at you.
The shard of ice hits you!!!
You die...
Your body rises from the dead as a mindless zombie.

~.......~~P~~≈≈
.........~~~~~≈≈
.........~P~PP≈≈
......P..P~.P~~~
.....P..PPP~~PP~~
.......PP.P~~~~~~.
~~~~..EH....P~.~...
~~~[SZ~m@.P....PP..
~~~~~~~~m...~....~
≈≈≈./~≈~~~~E~~Z...........
≈≈...~~~~~~~~~~~~~.....#
≈...~≈~~~~~~~~~~~......##
...~≈~~~~~~~~~~~~..P....##.
≈≈≈≈~~~~~~~~~~~~.)P..$.....
.~~~..~~~~~~~~~~....PP.PP..
..~~~..~~~~~~~~.)..........


You could see a sea snake, 2 merfolk aquamancers, a manticore (ally target), 2
water elementals, a snapping turtle zombie and a friendly merfolk zombie.

Vanquished Creatures
  Nikola (Snake:2)
  7 nagarajas
  An ettin (Orc:2)
  The ghost of Kaizy the Skirmisher, a journeyman FoHu of the Shining One (Orc:1)
  A hydra (Lair:1)
  8 vault guards
  A rakshasa (D:13)
  A salamander tyrant (Snake:2)
  3 anacondas
  3 catoblepae
  A merfolk aquamancer (Shoals:1)
  3 demonspawn (Orc:2)
  A centaur warrior (D:13)
  Erica (Orc:1)
  3 boulder beetles
  4 two-headed ogres
  2 naga warriors (Snake:4)
  11 death yaks
  An orc high priest (Orc:2)
  3 shock serpents
  8 naga sharpshooters
  6 naga ritualists
  2 wizards
  6 orc knights
  Pikel (D:7)
  6 mana vipers
  9 orc sorcerers
  A harpy (Lair:5)
  2 ugly things
  3 salamanders
  5 cyclopes
  2 manticores (Shoals:1)
  3 merfolk sirens (Lair:2)
  4 elephants
  An ice statue (IceCv)
  29 black mambas
  8 cane toads
  A guardian serpent (Snake:4)
  A gargoyle (D:12)
  A torpor snail (Lair:3)
  Joseph (D:7)
  8 naga magi
  7 rime drakes (IceCv)
  Maggie (D:7)
  An unseen horror (D:12)
  11 komodo dragons
  A hellwing (Orc:2)
  A wind drake (Shoals:1)
  3 merfolk
  3 trolls
  4 polar bears
  9 slime creatures
  A hornet (Lair:5)
  A snapping turtle (Shoals:1)
  5 blink frogs
  Sigmund (D:3)
  A centaur simulacrum (D:13)
  3 basilisks
  7 water elementals (Shoals:1)
  7 wyverns
  24 yaks
  2 wraiths
  6 vampire mosquitoes
  3 wargs
  29 nagas
  11 water moccasins
  20 orc warriors
  5 black bears
  An ice beast (D:13)
  8 centaurs
  15 wolves
  6 ogres
  3 kobold brigands
  6 bullfrogs
  5 scorpions
  3 water moccasin zombies (Ossuary)
  12 wights
  An elephant simulacrum (Lair:1)
  4 killer bees (D:8)
  A crimson imp (D:10)
  A bullfrog zombie (Ossuary)
  2 centaur zombies (Ossuary)
  A human zombie (Ossuary)
  12 jellies
  12 orc priests
  2 hounds
  4 iguanas
  10 orc wizards
  2 ogre zombies (Ossuary)
  Robin (D:3)
  3 gnolls (D:2)
  6 adders
  2 white imps (D:13)
  An ufetubus (D:13)
  6 adder zombies (Ossuary)
  A worm (D:2)
  2 dart slugs
  58 orcs
  3 ball pythons
  15 endoplasms
  A giant cockroach (D:1)
  3 gnoll zombies (Ossuary)
  15 goblins
  10 hobgoblins
  6 jackals
  31 kobolds
  2 quokkas
  6 bats
  4 frilled lizards
  4 goblin zombies (Ossuary)
  2 hobgoblin zombies (Ossuary)
  2 orc zombies (Ossuary)
  6 rats
633 creatures vanquished.

Vanquished Creatures (collateral kills)
  3 nagarajas (Snake:4)
  Nessos (Lair:5)
  A vault guard (D:13)
  A salamander tyrant (Snake:4)
  An anaconda (Snake:1)
  2 hydras
  A merfolk avatar (Lair:5)
  2 naga warriors (Snake:4)
  3 naga sharpshooters (Snake:4)
  An orc high priest (Orc:2)
  2 shock serpents
  A sea snake (Shoals:1)
  A salamander mystic (Snake:4)
  A naga ritualist (Snake:4)
  An orc knight (Orc:2)
  A deep elf pyromancer (D:13)
  3 orc sorcerers (Orc:2)
  2 salamanders
  A manticore (Lair:5)
  A guardian serpent (Snake:4)
  4 black mambas
  3 elephants
  3 cane toads
  2 komodo dragons
  A merfolk (Shoals:1)
  2 wind drakes (Lair:5)
  A troll (Orc:2)
  2 polar bears
  2 slime creatures (D:13)
  7 blink frogs
  4 wraiths (Lair:5)
  9 yaks
  5 wyverns
  A steam dragon (Lair:5)
  A death yak simulacrum (Lair:1)
  10 nagas
  2 water moccasins
  3 orc warriors
  2 wolves
  A centaur (D:13)
  2 kobold brigands (D:10)
  A bullfrog (Lair:3)
  3 orc priests
  7 orcs
  3 endoplasms (Lair:3)
  4 kobolds (D:10)
115 creatures vanquished.

Vanquished Creatures (others)
  A spectral spriggan (Snake:4)
  A centaur warrior (D:13)
  A spectral human (D:13)
  An ugly thing zombie (IceCv)
  A salamander zombie (Snake:2)
  A merfolk zombie (Shoals:1)
  A death yak zombie (IceCv)
  A mana viper zombie (Snake:3)
  A polar bear (IceCv)
  A spectral ice devil (Snake:4)
  2 human zombies (D:13)
  A spectral cane toad (Lair:4)
  7 black mamba zombies
  A yak (IceCv)
  A naga (Snake:2)
  A demonspawn zombie (Orc:2)
  An orc warrior (Orc:2)
  A manticore zombie (Shoals:1)
  2 rime drake zombies (IceCv)
  2 komodo dragon zombies (Lair:5)
  4 wyvern zombies
  2 water moccasin zombies (Lair:3)
  A warg zombie (D:11)
  3 troll zombies
  4 yak zombies
  2 polar bear zombies (IceCv)
  3 wolf zombies (IceCv)
  3 centaur zombies (D:13)
  An ice beast zombie (D:13)
  8 naga zombies (Snake:4)
  2 ogre zombies
  2 spectral white imps (D:13)
  2 endoplasm zombies (Lair:3)
  2 kobold zombies (D:10)
  42 orc zombies
  58 fungi
  105 plants
273 creatures vanquished.

Grand Total: 1021 creatures vanquished

Notes
Turn   | Place    | Note
-------+----------+-------------------------------------------
     0 | D:1      | Mitcholas the Minotaur Fighter began the quest for the Orb.
     0 | D:1      | Reached XP level 1. HP: 19/19 MP: 0/0
   112 | D:1      | Reached XP level 2. HP: 25/26 MP: 1/1
   651 | D:2      | Reached XP level 3. HP: 31/31 MP: 2/2
   697 | D:2      | Found Larohu's Book Shoppe.
   698 | D:2      | Found Ynic's Assorted Antiques.
   872 | D:2      | Found Keampuo's General Store.
   919 | D:2      | Reached skill level 5 in Maces & Flails
   996 | D:2      | Reached XP level 4. HP: 34/39 MP: 3/3
  1397 | D:3      | Found Lasaz's General Store.
  1411 | D:3      | Noticed Sigmund
  1432 | D:3      | Killed Sigmund
  1433 | D:3      | Reached XP level 5. HP: 34/45 MP: 4/4
  1433 | D:3      | Reached XP level 6. HP: 39/51 MP: 5/5
  1688 | D:3      | Found a snail-covered altar of Cheibriados.
  1743 | D:3      | Found a glowing golden altar of the Shining One.
  1827 | D:3      | Noticed Robin
  1859 | D:3      | Killed Robin
  2821 | D:4      | Found a hazy altar of Hepliaklqana.
  2880 | D:4      | Found Gollaopy's Jewellery Shoppe.
  2892 | D:4      | Found a staircase to the Ecumenical Temple.
  2900 | Temple   | Entered the Ecumenical Temple
  3320 | D:5      | Entered Level 5 of the Dungeon
  3543 | D:5      | Reached skill level 1 in Evocations
  3543 | D:5      | Reached XP level 7. HP: 49/59 MP: 6/6
  4061 | D:5      | Found a radiant altar of Vehumet.
  4196 | D:5      | Reached XP level 8. HP: 67/67 MP: 7/7
  4205 | D:5      | Found a sparkling altar of Nemelex Xobeh.
  4212 | D:5      | Found a hide-covered altar of Uskayaw.
  4212 | D:5      | Found a white marble altar of Elyvilon.
  4307 | D:5      | Reached skill level 5 in Armour
  4500 | D:5      | Reached skill level 5 in Fighting
  4500 | D:5      | Reached skill level 5 in Shields
  5120 | D:5      | Reached skill level 10 in Maces & Flails
  5271 | D:6      | Identified the +10 great mace of Overwhelming Force {drain,
                  | Stlth+}
  5527 | D:6      | Found a blossoming altar of Fedhas.
  5544 | D:6      | Noticed an oklob plant
  5712 | D:7      | Identified a scroll of acquirement
  5712 | D:7      | Acquired 932 gold pieces
  5739 | D:7      | Found a sand-covered staircase.
  5744 | Ossuary  | Entered an ossuary
  5822 | Ossuary  | Reached XP level 9. HP: 72/75 MP: 8/8
  5880 | Ossuary  | Noticed a silent spectre
  6033 | D:3      | Bought the +3 warlock's mirror {reflect} for 400 gold
                  | pieces
  6033 | D:3      | Found the +3 warlock's mirror {reflect}
  6066 | D:2      | Bought a scroll of fog for 44 gold pieces
  6066 | D:2      | Bought an amulet of regeneration for 330 gold pieces
  6170 | D:7      | Noticed Pikel
  6191 | D:7      | Killed Pikel
  6299 | D:7      | Noticed Joseph
  6319 | D:7      | Killed Joseph
  6475 | D:7      | Noticed Maggie
  6487 | D:7      | Killed Maggie
  6488 | D:7      | Found an ornate altar of the Wu Jian Council.
  6944 | D:8      | Reached XP level 10. HP: 86/86 MP: 9/9
  6962 | D:8      | Found a basalt altar of Yredelemnul.
  6990 | D:8      | Became a worshipper of Yredelemnul the Dark
  7020 | D:8      | Noticed a two-headed ogre
  7027 | D:8      | Killed a two-headed ogre
  7027 | D:8      | Reached * piety under Yredelemnul
  7028 | D:8      | Reached skill level 5 in Evocations
  7060 | D:8      | Reached ** piety under Yredelemnul
  7403 | D:8      | Found a shimmering blue altar of Sif Muna.
  7739 | D:9      | Found Qicof's Antique Armour Shoppe.
  7746 | D:9      | Bought a faintly glowing plate armour for 700 gold pieces
  7746 | D:9      | Identified the +8 plate armour of Hihuac Fise {rF+ MP+9}
                  | (You bought it in a shop on level 9 of the Dungeon)
  8216 | D:9      | Found a shadowy altar of Dithmenos.
  8299 | D:9      | Got the Vellum of Distant Shores
  8300 | D:9      | Noticed an orc sorcerer
  8306 | D:9      | Killed an orc sorcerer
  8307 | D:9      | Reached skill level 1 in Invocations
  8370 | D:9      | Acquired a +1 hat
  8407 | D:10     | Entered Level 10 of the Dungeon
  8556 | D:10     | Found a staircase to the Lair.
  8760 | D:10     | Reached *** piety under Yredelemnul
  8766 | D:10     | Reached skill level 2 in Invocations
  8972 | D:10     | Noticed a wizard
  8980 | D:10     | Killed a wizard
  9282 | D:11     | Noticed a two-headed ogre
  9291 | D:11     | Killed a two-headed ogre
  9292 | D:11     | Reached skill level 3 in Invocations
  9292 | D:11     | Reached XP level 11. HP: 95/95 MP: 12/12
  9386 | D:11     | Found a staircase to the Orcish Mines.
  9511 | D:11     | Noticed a vault guard
  9529 | D:11     | Killed a vault guard
  9535 | D:11     | Found a portal to a secret trove of treasure.
  9635 | D:11     | Noticed a two-headed ogre
  9636 | D:11     | Noticed a boulder beetle
  9643 | D:11     | Killed a two-headed ogre
  9652 | D:11     | Killed a boulder beetle
  9653 | D:11     | Reached skill level 4 in Invocations
  9962 | Lair:1   | Entered Level 1 of the Lair of Beasts
 10005 | Lair:1   | Noticed a catoblepas
 10010 | Lair:1   | Killed a catoblepas
 10039 | Lair:1   | Found a frozen archway.
 10045 | Lair:1   | Reached skill level 5 in Invocations
 10059 | IceCv    | Entered an ice cave
 10094 | IceCv    | Reached skill level 6 in Invocations
 10138 | IceCv    | Noticed a death yak
 10139 | IceCv    | Noticed a white ugly thing
 10148 | IceCv    | Killed a death yak
 10149 | IceCv    | Reached skill level 10 in Armour
 10165 | IceCv    | Killed a white ugly thing
 10327 | IceCv    | Reached skill level 10 in Fighting
 10369 | IceCv    | Reached XP level 12. HP: 106/106 MP: 16/16
 10372 | IceCv    | Reached **** piety under Yredelemnul
 10400 | IceCv    | Noticed a death yak
 10405 | IceCv    | Reached ***** piety under Yredelemnul
 10406 | IceCv    | Reached skill level 7 in Invocations
 10418 | IceCv    | Killed a death yak
 10448 | IceCv    | Noticed a death yak
 10448 | IceCv    | Noticed a frost giant
 10448 | IceCv    | Noticed a death yak
 10475 | IceCv    | Killed a death yak
 10913 | Lair:1   | Reached skill level 8 in Invocations
 11400 | Lair:2   | Noticed an eight-headed hydra
 11414 | Lair:1   | Killed an eight-headed hydra
 11491 | Lair:2   | Identified the +4 hand axe "Ogreslayer" {heavy, Will+ Dex+6
                  | Stlth+}
 11623 | Lair:2   | Found a staircase to the Shoals.
 11665 | Lair:2   | Found a staircase to the Snake Pit.
 11674 | Lair:2   | Noticed a six-headed hydra
 11679 | Lair:2   | Killed a six-headed hydra
 11680 | Lair:2   | Reached skill level 9 in Invocations
 11711 | Lair:2   | Noticed a catoblepas
 11719 | Lair:2   | Killed a catoblepas
 11992 | Lair:2   | Reached skill level 10 in Shields
 12253 | Lair:3   | Reached XP level 13. HP: 102/116 MP: 19/19
 12357 | Lair:3   | Reached skill level 10 in Invocations
 12671 | Lair:3   | Found the ring of Shadows {Umbra +Inv Stlth+}
 13177 | Lair:4   | Reached skill level 11 in Invocations
 13320 | Lair:4   | Reached ****** piety under Yredelemnul
 13772 | Lair:5   | Entered Level 5 of the Lair of Beasts
 13857 | Lair:5   | Reached skill level 12 in Invocations
 14001 | Lair:5   | Reached XP level 14. HP: 126/129 MP: 22/22
 14039 | Lair:5   | Noticed Josephine
 14050 | Lair:5   | Killed Josephine
 14050 | Lair:5   | Enslaved Josephine
 14155 | Lair:5   | Noticed Nessos
 14173 | Lair:5   | Killed Nessos
 14291 | Lair:5   | Reached skill level 13 in Invocations
 14360 | Lair:5   | Found a viscous altar of Jiyva.
 14361 | Lair:5   | Found a staircase to the Slime Pits.
 14616 | Lair:5   | Identified the +9 great sword "Hugh" {flame, Int+8}
 14920 | D:12     | Found Wonwoq's General Store.
 15916 | D:13     | Found an opulent altar of Gozag.
 16066 | D:13     | Found a gate to the Vaults.
 16078 | D:13     | Your ally Josephine died
 16584 | D:13     | Found an ancient bone altar of Kikubaaqudgha.
 16651 | D:13     | Found a stormy altar of Qazlal.
 16656 | D:13     | Reached skill level 14 in Invocations
 17035 | Orc:1    | Entered Level 1 of the Orcish Mines
 17054 | Orc:1    | Found Dosmeg's General Store.
 17108 | Orc:1    | Noticed Erica
 17125 | Orc:1    | Killed Erica
 17208 | Orc:1    | Found a runed translucent gate.
 17208 | Orc:1    | Noticed Kaizy's ghost (journeyman FoHu)
 17210 | Orc:1    | Found a runed translucent gate.
 17210 | Orc:1    | Identified the +0 plate armour "Epso" {rN++ MP+9}
 17211 | Orc:1    | Found a runed translucent gate.
 17460 | Orc:1    | Killed Kaizy's ghost
 17665 | Orc:1    | Identified the amulet "Peolugor" {Acrobat Harm rC- rN+
                  | Str+4}
 17760 | D:11     | Reached skill level 1 in Dodging
 17872 | D:4      | Bought a +4 ring of slaying for 1092 gold pieces
 18030 | D:11     | You paid a toll of a +4 ring of slaying to enter a treasure
                  | trove
 18031 | Trove    | Entered a treasure trove
 18090 | Trove    | Got Sif Muna's Almanac of the Frore Undead
 18093 | Trove    | Got Sif Muna's Verses on the Shivering Spider
 18154 | Orc:2    | Entered Level 2 of the Orcish Mines
 18383 | Orc:2    | Found Itwuetsi's Distillery.
 18390 | Orc:2    | Found Panyf's Magic Scroll Shoppe.
 18501 | Orc:2    | Reached XP level 15. HP: 132/139 MP: 24/24
 18948 | Orc:2    | Found a staircase to the Elven Halls.
 19195 | Orc:2    | Reached skill level 15 in Invocations
 19309 | Orc:2    | Found Leepnito's Antique Armour Shop.
 19309 | Orc:2    | Found a one-way gate leading to the halls of Pandemonium.
 19309 | Orc:2    | Found Gakaudgh's Book Boutique.
 19480 | Snake:1  | Entered Level 1 of the Snake Pit
 19721 | Snake:1  | Identified the +2 short sword "Killer Klown's Regret"
                  | {freeze, rF+ Int+2 Stlth+}
 20111 | Snake:2  | Reached skill level 15 in Armour
 20170 | Snake:2  | Noticed Nikola
 20445 | Snake:2  | Killed Nikola
 20446 | Snake:2  | Reached skill level 15 in Fighting
 20449 | Snake:2  | Reached skill level 16 in Invocations
 20924 | Snake:3  | Noticed a nagaraja
 20937 | Snake:3  | Killed a nagaraja
 21164 | Snake:3  | Reached skill level 5 in Dodging
 21215 | Snake:3  | Reached skill level 17 in Invocations
 21784 | Snake:3  | Found a hazy altar of Hepliaklqana.
 21962 | Snake:4  | Entered Level 4 of the Snake Pit
 21969 | Snake:4  | Noticed a nagaraja
 21980 | Snake:4  | Killed a nagaraja
 22057 | Snake:4  | Reached XP level 16. HP: 145/149 MP: 27/27
 22125 | Snake:4  | Noticed Agnes
 22631 | Snake:4  | Killed Agnes
 22631 | Snake:4  | Enslaved Agnes
 22861 | Snake:4  | Reached skill level 18 in Invocations
 22868 | Snake:4  | Your ally Agnes died
 23074 | Snake:4  | Got a serpentine rune of Zot
 23225 | Snake:4  | Found Miump's Book Shoppe.
 23227 | Snake:4  | Found Ihipriuc's Jewellery Shop.
 23228 | Snake:4  | Found Wuzel's Book Shoppe.
 23237 | Snake:4  | Bought the ring of Pysky {rElec rF+ Stlth+} for 877 gold
                  | pieces
 23531 | Shoals:1 | Entered Level 1 of the Shoals
 23593 | Shoals:1 | Found Luhur's Book Emporium.
 23654 | Shoals:1 | Killed from afar by a merfolk aquamancer

Illustrated notes

Levels and vault maps discovered:
D:1:      tarquinn_simple_flora_water_c, layout_rooms,
          hangedman_abyss_or_decor_stabs, serial_bayou_pond_c,
          skrybe_limestone_x
D:2:      layout_loops_ring, serial_shops, shop, nicolae_shop_advertising_works
          [nicolae_subvault_shop_adworks], nicolae_diamond_shop,
          grunt_ministairs_13, minivault_19
D:3:      layout_rooms, tso_altar, cheibriados_altar_1, serial_shops,
          nicolae_shop_statue_plus, minivault_5, kennysheep_generic_room_15,
          uniq_sigmund, uniq_robin
D:4:      layout_layer_cave, worldfamousw_hep_ancestral_shrine,
          minmay_temple_entry_glassed_door, minmay_shop_enchanted_jewellery
D:5:      layout_loops_ring, vehumet_crystals, minitemple
D:6:      layout_gridville, tgw_fedhas, st_stairs_6
D:7:      layout_rooms, nzn_wu_jian_contemplation, enter_ossuary_2, uniq_maggie,
          uniq_pikel, uniq_joseph
D:8:      layout_basic, kennysheep_little_box, lemuel_blue_sif_altar
D:9:      layout_gridville, kennysheep_mini_moat, serial_shops, shop,
          minmay_librarian
D:10:     layout_stronghold, lair_entry_dummy, lightli_wizard_tower
D:11:     layout_roguey, david_orc_3, enter_trove_5
D:12:     layout_loops_ring, serial_shops, nicolae_diamond_shop
D:13:     layout_long_grid, erik_vaults_2, serial_ice, serial_ice_a,
          serial_ice_g, serial_ice_f, serial_ice_m, hangedman_feature_mirror,
          kiku_gazebo_garden_becter
Temple:   nicolae_temple_bog_church
Lair:1:   layout_regular_city, portal_ice_cave_entry_ice_simulacra,
          patterned_corridor, serial_bayou_shore_a, grunt_megastairs_2
Lair:2:   layout_long_grid, elwin_shoals_entry_stream, dummy_snake_entry,
          beast_lair_carwin_3, grunt_megastairs_3, lemuel_fruit_tree
Lair:3:   lemuel_slime, layout_gridlike
Lair:4:   layout_misc_corridors
Lair:5:   gammafunk_lair_ancient_temple, layout_loops_ring,
          dpeg_slime_entry_enclosed, uniq_nessos, uniq_josephine
Shoals:1: layout_shoals, serial_shops, nicolae_shop_window_shopping,
          nicolae_shoals_c_island
Snake:1:  layout_misc_corridors
Snake:2:  layout_misc_corridors, nicolae_integral_box, uniq_nikola
Snake:3:  layout_honeycomb, basic_altar
Snake:4:  minmay_snake_end_coiled, layout_cave_town,
          fake_guardian_serpent_vault, minmay_shop_grove, uniq_agnes
Orc:1:    layout_caves, serial_shops, shop, biasface_ghost_orc_armoury,
          uniq_erica, uniq_jorgrun, uniq_harold
Orc:2:    pf_orc_diabolical, layout_diamond_mine, nicolae_orc_sculptors_studio

Skill      XL: |  1  2  3  4  5  6  7  8  9 10 11 12 13 14 15 16 |
---------------+-------------------------------------------------+-----
Maces & Flails | 3 4 5 7 8 9 10 12 13 14 | 14.0
Fighting       | 4 5 7 8 10 11 13 14 15 16 | 16.1
Armour         | 4 6 7 8 10 11 13 14 15 16 | 16.1
Shields        | 4 5 6 8 10 | 10.0
Evocations     | 1 2 3 4 5 6 7 8 |  8.8
Invocations    | 3 6 9 12 14 17 18 | 18.5
Dodging        | 1 5 7 |  7.3

Action                   |  1- 3 |  4- 6 |  7- 9 | 10-12 | 13-15 | 16-18 || total
-------------------------+-------+-------+-------+-------+-------+-------++-------
Melee: Flail             |    85 |   169 |   163 |   381 |  1096 |   174 ||  2068
       Headbutt          |    16 |    22 |    35 |    92 |   305 |    54 ||   524
       Great mace        |       |       |    63 |       |       |       ||    63
Invok: Recall Undead Har |       |       |       |     7 |    24 |    10 ||    41
       Dark Bargain      |       |       |       |     1 |       |       ||     1
       Bind Soul         |       |       |       |       |     4 |     1 ||     5
       Drain Life        |       |       |       |       |     5 |     3 ||     8
 Abil: Evoke Invisibilit |       |       |       |       |     1 |       ||     1
Evoke: Wand              |       |     4 |    10 |    14 |    10 |     5 ||    43
       Tin of tremorston |       |       |       |       |       |     1 ||     1
  Use: Scroll            |       |       |    17 |    10 |     6 |     2 ||    35
       Potion            |       |       |       |     1 |     1 |       ||     2
 Stab: Distracted        |       |       |       |     9 |    18 |     6 ||    33
Armor: Scale mail        |    42 |    35 |       |       |       |       ||    77
       Chain mail        |       |    33 |    90 |       |       |       ||   123
       Plate armour      |       |       |       |   174 |   479 |   104 ||   757
Dodge: Dodged            |    42 |    72 |    70 |    98 |   246 |    67 ||   595
       Repelled          |       |       |     2 |     2 |     8 |    17 ||    29
Block: Buckler           |    25 |    30 |    43 |   121 |   335 |    86 ||   640
       Reflection        |       |       |     2 |    13 |    23 |    24 ||    62

Table legend: (Time is in decaauts)
 A = Elapsed time spent in this place.
 B = Non-inter-level travel time spent in this place.
 C = Inter-level travel time spent in this place.
 D = Time resting spent in this place.
 E = Time spent auto-exploring this place.
 F = Levels seen in this place.
 G = Mean time per level.
                   A        B        C        D        E       F      G
               +--------+--------+--------+--------+--------+-----+--------+
         Total |  23355 |  21263 |   2092 |   2301 |  13391 |  29 |  805.3 |
       Dungeon |  12167 |  10808 |   1359 |   1588 |   7001 |  13 |  935.9 |
        Temple |    195 |    172 |     23 |      0 |    161 |   1 |  195.0 |
          Lair |   4420 |   4007 |    413 |    138 |   2892 |   5 |  884.0 |
        Shoals |    118 |    118 |      0 |      2 |     30 |   1 |  118.0 |
     Snake Pit |   3806 |   3608 |    198 |    440 |   1957 |   4 |  951.5 |
  Orcish Mines |   1801 |   1703 |     98 |     81 |   1118 |   2 |  900.5 |
         Trove |     83 |     83 |      0 |      0 |      0 |   1 |   83.0 |
       Ossuary |    182 |    182 |      0 |      0 |     47 |   1 |  182.0 |
      Ice Cave |    579 |    579 |      0 |     52 |    183 |   1 |  579.0 |
               +--------+--------+--------+--------+--------+-----+--------+

Top non-repeatable levels by time:
     D:5: 1909 daAuts
 Snake:4: 1303 daAuts
   Orc:2: 1175 daAuts
 Snake:3: 1112 daAuts
     D:3: 1085 daAuts
  Lair:5: 1057 daAuts
    D:13: 1054 daAuts
    D:12: 1000 daAuts
    D:11: 944 daAuts
  Lair:2: 937 daAuts
    D:10: 919 daAuts
  Lair:1: 905 daAuts
     D:4: 899 daAuts
  Lair:3: 880 daAuts
     D:9: 875 daAuts
